 Dungeon Crawl Stone Soup version 0.28-a0-46-g7b1be97da7 (webtiles) character file.

Game seed: 10297729722291537062

1211 DavidChitty2 the Chopper (level 8, 0/71 HPs)
             Began as a Minotaur Fighter on July 29, 2021.
             Slain by an orc warrior (9 damage)
             ... on level 6 of the Dungeon.
             The game lasted 00:04:38 (4432 turns).

DavidChitty2 the Chopper (Minotaur Fighter)         Turns: 4432, Time: 00:04:38

Health: 0/71       AC: 10    Str: 22    XL:     8   Next: 22%
Magic:  7/7        EV:  8    Int:  5    God:
Gold:   194        SH: 10    Dex: 11    Spells: 7/7 levels left

rFire   . . .      SeeInvis .   a - +0 war axe
rCold   . . .      Faith    .   c - +0 kite shield
rNeg    . . .      Spirit   .   A - +0 scale mail
rPois   .          Reflect  .   (helmet restricted)
rElec   .          Harm     .   (no cloak)
rCorr   .          Rampage  .   t - +1 pair of gloves
Will    .....                   (no boots)
Stlth   ..........              (no amulet)
HPRegen 0.21/turn               (no ring)
MPRegen 0.10/turn               (no ring)

@: mighty, lethally poisoned (0 -> -17)
A: horns 2, retaliatory headbutt
a: no special abilities


You were on level 6 of the Dungeon.
You visited 1 branch of the dungeon, and saw 6 of its levels.

You collected 194 gold pieces.

Inventory:

Hand Weapons
 a - a +0 war axe (weapon)
 b - a +2 antimagic flail
   (You took it off an orc on level 5 of the Dungeon)
 s - the +9 spear of the Coin {vorpal, Fly rF- Int+4}
   (You found it on level 4 of the Dungeon)

   It inflicts extra damage upon your enemies.
   Int:       It affects your intelligence (+4).
   rF:        It makes you vulnerable to fire.
   Fly:       It grants you flight.
Missiles
 h - 8 poisoned darts (quivered)
Armour
 c - a +0 kite shield (worn)
 t - a +1 pair of gloves (worn)
   (You found it on level 4 of the Dungeon)
 A - a +0 scale mail (worn)
Jewellery
 z - a ring of see invisible
   (You took it off a goblin on level 3 of the Dungeon)
Scrolls
 e - a scroll of fog {unknown}
 j - a scroll of holy word {unknown}
 l - a scroll of vulnerability {unknown}
 o - a scroll of enchant armour {unknown}
 p - a scroll of silence {unknown}
 q - a scroll of enchant weapon {unknown}
 v - 2 scrolls of identify {unknown}
 w - a scroll of blinking {unknown}
 x - a scroll of teleportation {unknown}
Potions
 f - 2 potions of brilliance {unknown}
 g - 2 potions of degeneration {unknown}
 i - a potion of lignification {unknown}
 k - 2 potions of curing {unknown}
 m - a potion of heal wounds {unknown}
 n - a potion of cancellation {unknown}
 r - a potion of berserk rage {unknown}
 u - a potion of ambrosia {unknown}


   Skills:
 + Level 6.3 Fighting
 * Level 7.9 Axes
 + Level 6.3 Armour
 + Level 6.4 Shields


You had 7 spell levels left.
You didn't know any spells.
Your spell library contained the following spells:

 Spells                   Type           Power      Damage    Failure   Level
 Sandblast                Erth           0%         2d4       98%         1
 Passwall                 Tmut/Erth      0%         N/A       99%         2
 Lee's Rapid Deconstruct  Erth           0%         3d5*      100%        5


Dungeon Overview and Level Annotations

Branches:
Dungeon (6/15)
 Temple: D:4-7

Altars:
Ru
Uskayaw

Annotations:
D:4 3 runed translucent doors, sn0wgr3's ghost, amateur GrCK


Innate Abilities, Weirdness & Mutations

You have a pair of horns on your head.
You reflexively headbutt those who attack you in melee.


Message History

The orc warrior shouts!
There are monsters nearby!
You closely miss the ice beast.
The ice beast hits you but does no damage.
You slash the ice beast! You headbutt the ice beast.
The ice beast hits you but does no damage.
The ice beast hits you. The ice beast freezes you!
You hit the ice beast but do no damage. You block the ice beast's attack.
You barely miss the ice beast.
The ice beast hits you but does no damage.
You hit the ice beast but do no damage.
The ice beast hits you but does no damage.
You hit the ice beast but do no damage. Your headbutt misses the ice beast.
You block the ice beast's attack. x2
You hit the ice beast but do no damage. The ice beast hits you.
The ice beast freezes you!
You slash the ice beast!
You kill the ice beast!
You closely miss the orc warrior. You block the orc warrior's attack.
You hit the orc warrior. Your headbutt misses the orc warrior.
The orc warrior hits you with a +0 war axe of venom.
You are poisoned.
The orc warrior closely misses you.
You hit the orc warrior.
You feel very sick. You block the orc warrior's attack.
You hit the orc warrior but do no damage.
You feel sick. The orc warrior completely misses you.
You closely miss the orc warrior.
You feel sick.
The orc warrior hits you with a +0 war axe of venom!
* * * LOW HITPOINT WARNING * * *
You are more poisoned.
You block the orc warrior's attack.
Okay, then.
You closely miss the orc warrior.
You feel very sick.
The orc warrior hits you with a +0 war axe of venom.
* * * LOW HITPOINT WARNING * * *
You are more poisoned.
You feel very mighty all of a sudden.
* * * LOW HITPOINT WARNING * * *
You feel very sick.
The orc warrior hits you with a +0 war axe of venom.
* * * LOW HITPOINT WARNING * * *
You are lethally poisoned!
You slice the orc warrior!!
* * * LOW HITPOINT WARNING * * *
You feel extremely sick.
The orc warrior hits you with a +0 war axe of venom!
You die...

###### #....#
#8.8#.########
#.o.#..o@....#
#8.8########.#
≈≈...≈ #.#
≈≈≈8.8≈ #.#
≈≈≈≈#+#≈ #.#
≈≈.# #. #.#
###.## ####
#....#
######...
####.#
#........


You could see an orc warrior.

Vanquished Creatures
  Menkaure (D:5)
  A water moccasin (D:5)
  Duvessa (D:5)
  2 ice beasts
  An ogre (D:4)
  A centaur (D:6)
  A scorpion (D:4)
  Dowan (D:5)
  2 jellies (D:5)
  A centaur zombie (D:5)
  A bullfrog skeleton (D:5)
  2 hounds
  A centaur skeleton (D:4)
  An orc wizard (D:3)
  2 hound skeletons
  6 adders
  2 ufetubi
  A worm (D:2)
  3 dart slugs
  7 orcs
  A ball python (D:3)
  6 bats
  4 endoplasms
  2 giant cockroaches
  6 goblins
  4 hobgoblins
  6 jackals
  6 kobolds
  10 quokkas
  A frilled lizard (D:3)
  3 rats (D:3)
87 creatures vanquished.

Notes
Turn   | Place    | Note
-------+----------+-------------------------------------------
     0 | D:1      | DavidChitty2 the Minotaur Fighter began the quest for the
                  | Orb.
     0 | D:1      | Reached XP level 1. HP: 19/19 MP: 0/0
   611 | D:1      | Reached XP level 2. HP: 23/27 MP: 1/1
   839 | D:1      | Reached skill level 3 in Axes
  1563 | D:2      | Found a faded altar of an unknown god.
  1635 | D:3      | Reached XP level 3. HP: 33/33 MP: 2/2
  1724 | D:3      | Reached XP level 4. HP: 24/40 MP: 3/3
  1927 | D:3      | Noticed a black bear
  1988 | D:3      | Reached skill level 4 in Axes
  2077 | D:3      | Found a sacrificial altar of Ru.
  2499 | D:4      | Noticed a scorpion
  2504 | D:4      | Killed a scorpion
  2505 | D:4      | Reached XP level 5. HP: 44/47 MP: 4/4
  2535 | D:4      | Noticed an ogre
  2541 | D:4      | Killed an ogre
  2542 | D:4      | Reached skill level 5 in Axes
  2542 | D:4      | Reached XP level 6. HP: 44/55 MP: 5/5
  2679 | D:4      | Found a runed translucent gate.
  2679 | D:4      | Found a runed translucent gate.
  2679 | D:4      | Found a runed translucent gate.
  2698 | D:4      | Reached skill level 5 in Shields
  2834 | D:4      | Noticed sn0wgr3's ghost (amateur GrCK)
  2855 | D:4      | Identified the +9 spear of the Coin {vorpal, Fly rF- Int+4}
  2926 | D:4      | Reached skill level 5 in Armour
  3088 | D:5      | Entered Level 5 of the Dungeon
  3171 | D:5      | Found a hide-covered altar of Uskayaw.
  3178 | D:5      | Noticed Menkaure
  3181 | D:5      | Noticed an ice beast
  3184 | D:5      | Killed Menkaure
  3185 | D:5      | Reached skill level 5 in Fighting
  3185 | D:5      | Reached skill level 6 in Axes
  3191 | D:5      | Killed an ice beast
  3192 | D:5      | Reached XP level 7. HP: 50/61 MP: 6/6
  3312 | D:5      | Noticed Dowan
  3315 | D:5      | Noticed Duvessa
  3322 | D:5      | Killed Dowan
  3323 | D:5      | Killed Duvessa
  3441 | D:5      | Reached skill level 7 in Axes
  3768 | D:5      | Identified the +5 ring mail of Rabo {rC- Will- Int+5
                  | Slay+2}
  3856 | D:5      | Reached XP level 8. HP: 37/70 MP: 7/7
  4432 | D:6      | Slain by an orc warrior

Illustrated notes

Levels and vault maps discovered:
D:1:      evilmike_arrival_crescent, layout_loops_ring
D:2:      layout_basic, basic_ecumenical_altar
D:3:      cheibrodos_helix_gallery, layout_loops_ring, nicolae_ru_path_of_blood,
          lightli_corner_chamber
D:4:      layout_cave_pools, gammafunk_ghost_icy, guppyfry_early_lair_pool
D:5:      layout_loops_corners, mainiacjoe_overflow_cross_hatched,
          uniq_menkaure, uniq_duvessa
D:6:      layout_loops_ring, kennysheep_orc_sif_temple,
          kennysheep_generic_room_15

Skill      XL: |  1  2  3  4  5  6  7 |
---------------+----------------------+-----
Axes           | 3 4 5 6 7 |  7.9
Shields        | 4 5 6 |  6.4
Fighting       | 4 5 6 |  6.3
Armour         | 4 5 6 |  6.3

Action                   |  1- 3 |  4- 6 |  7- 9 || total
-------------------------+-------+-------+-------++-------
Melee: War axe           |    75 |    74 |    90 ||   239
       Headbutt          |     9 |    21 |    15 ||    45
  Use: Potion            |       |       |     1 ||     1
Armor: Scale mail        |    36 |    38 |    43 ||   117
Dodge: Dodged            |    30 |    21 |    23 ||    74
Block: Kite shield       |    43 |    33 |    53 ||   129

Table legend: (Time is in decaauts)
 A = Elapsed time spent in this place.
 B = Non-inter-level travel time spent in this place.
 C = Inter-level travel time spent in this place.
 D = Time resting spent in this place.
 E = Time spent auto-exploring this place.
 F = Levels seen in this place.
 G = Mean time per level.
                   A        B        C        D        E       F      G
               +--------+--------+--------+--------+--------+-----+--------+
         Total |   4542 |   4358 |    184 |    465 |   3254 |   6 |  757.0 |
       Dungeon |   4542 |   4358 |    184 |    465 |   3254 |   6 |  757.0 |
               +--------+--------+--------+--------+--------+-----+--------+

Top non-repeatable levels by time:
     D:5: 1245 daAuts
     D:1: 961 daAuts
     D:3: 894 daAuts
     D:2: 701 daAuts
     D:4: 616 daAuts
     D:6: 123 daAuts
